 Dungeon Crawl Stone Soup version 0.29-a0-251-g80730f7218 (webtiles) character file.

Game seed: 12243406983589533841

3411 fragbeetle the Schismatic (level 9, 0/67 HPs)
             Began as a Palentonga Abyssal Knight on Mar 6, 2022.
             Was an Elder of Lugonu.
             Slain by a warg (5 damage)
             ... on level 8 of the Dungeon.
             The game lasted 00:16:12 (9774 turns).

fragbeetle the Schismatic (PaAK)                    Turns: 9774, Time: 00:16:13

Health: 0/67       AC: 18    Str: 20    XL:     9   Next: 76%
Magic:  16/16      EV: 12    Int: 11    God:    Lugonu [****..]
Gold:   533        SH:  0    Dex: 11    Spells: 3/8 levels left

rFire   . . .      SeeInvis +   E - +4 short sword (holy)
rCold   . . .      Faith    .   (no shield)
rNeg    . . .      Spirit   .   n - +2 scale mail {Will+}
rPois   .          Reflect  .   (no helmet)
rElec   .          Harm     .   (no cloak)
rCorr   .          Rampage  .   s - +0 pair of gloves
Will    +....                   (no barding)
Stlth   ..........              (no amulet)
HPRegen 0.21/turn               f - ring of wizardry
MPRegen 0.15/turn               h - +4 ring of evasion

@: curled up
A: large, rugged brown scales 3, see invisible, deformed body, roll 1, armoured
tail, reflexive curl
a: Rolling Charge, Renounce Religion, Depart the Abyss, Bend Space, Banish,
Corrupt


You were on level 8 of the Dungeon.
You worshipped Lugonu.
Lugonu was greatly pleased with you.
You visited 2 branches of the dungeon, and saw 9 of its levels.
You visited the Abyss 1 time.
You also visited: Ossuary.

You collected 533 gold pieces.

Inventory:

Hand Weapons
 a - a +1 hand axe
 b - a +2 hunting sling of freezing
 j - a +1 short sword of venom
 E - a +4 short sword of holy wrath (weapon)
Missiles
 C - 3 silver boomerangs
Armour
 n - a +2 scale mail of willpower (worn)
 s - a +0 pair of gloves (worn)
Jewellery
 f - a ring of wizardry (left hand)
 h - a +4 ring of evasion (right hand)
 r - a ring of willpower
 w - a ring of fire
Wands
 m - a wand of flame (19)
 F - a wand of digging (7)
Scrolls
 g - 5 scrolls of enchant weapon {unknown}
 i - a scroll of amnesia {unknown}
 k - 11 scrolls of identify {unknown}
 l - 6 scrolls of teleportation {unknown}
 o - 2 scrolls of vulnerability {unknown}
 p - 3 scrolls of fear {unknown}
 q - a scroll of noise {unknown}
 t - 3 scrolls of magic mapping {unknown}
 x - a scroll of blinking {unknown}
 y - a scroll of enchant armour {unknown}
 B - 2 scrolls of fog {unknown}
 D - a scroll of brand weapon {unknown}
Potions
 c - 3 potions of heal wounds {unknown}
 e - a potion of might {unknown}
 u - 3 potions of flight {unknown}
 v - a potion of brilliance {unknown}
 z - a potion of invisibility {unknown}
 A - 4 potions of mutation {unknown}


   Skills:
 - Level 3.1 Fighting
 - Level 6.0 Axes
 - Level 6.5 Armour
 - Level 1.1 Dodging
 + Level 4.5 Transmutations
 - Level 10.0 Invocations


You had 3 spell levels left.
You knew the following spells:

 Your Spells              Type           Power      Damage    Failure   Level
a - Irradiate             Conj/Tmut      2%         3d14      98%         5

Your spell library contained the following spells:

 Spells                   Type           Power      Damage    Failure   Level
 Sublimation of Blood     Necr           0%         N/A       45%         2
 Frozen Ramparts          Ice            0%         1d2       69%         3
 Gell's Gravitas          Tloc           0%         N/A       69%         3
 Lesser Beckoning         Tloc           0%         N/A       69%         3
 Teleport Other           Tloc           0%         N/A       69%         3
 Ice Form                 Ice/Tmut       5%         N/A       78%         4
 Petrify                  Tmut/Erth      5%         N/A       78%         4
 Blade Hands              Tmut           5%         N/A       82%         5
 Animate Armour           Summ/Erth      0%         N/A       97%         4
 Summon Ice Beast         Ice/Summ       0%         N/A       97%         4
 Iron Shot                Conj/Erth      0%         9d1       100%        6


Dungeon Overview and Level Annotations

Branches:
Dungeon (8/15)             Temple (1/1) D:7         Ossuary (visited)
   Lair: D:8-11

Altars:
Okawaru
Wu Jian
Yredelemnul

Portals:
Bailey: D:8

Annotations:
D:2 1 runed translucent door, Crazy Yiuf
D:5 2 transporters, spaghetti's ghost, novice OpCK
D:8 1 transporter


Innate Abilities, Weirdness & Mutations

You are completely covered in rugged brown scales. (AC +3, +7% HP)
You have supernaturally acute eyesight. (SInv)
Armour fits poorly on your strangely shaped body.
You can roll at nearby foes to attack.
You have a long armoured tail.
You curl defensively after being hit. (AC +7*)


Message History

The warg is lightly wounded.
The warg bites you.
You barely miss the warg.
The warg is lightly wounded.
The warg bites you! The warg closely misses you.
You hit the warg. Your punch misses the warg.
The warg is moderately wounded.
The warg bites you.
You hit the warg.
The warg is heavily wounded.
The warg bites you.
You closely miss the warg.
The warg is heavily wounded.
The warg closely misses you. The warg bites you.
You closely miss the warg.
Your tail-slap misses the warg.
The warg is heavily wounded.
The warg barely misses you.
An orc comes into view. It is wielding a +0 club.
You barely miss the warg.
The warg is heavily wounded.
The warg bites you!
An orc wizard comes into view. It is wielding a +0 dagger.
The warg bites you!
* * * LOW HITPOINT WARNING * * *
You closely miss the warg.
The warg is moderately wounded.
The orc closely misses you.
An orc comes into view. It is wielding a +0 falchion.
The warg misses you. The orc hits you with a +0 hand axe.
* * * LOW HITPOINT WARNING * * *
You feel better.
The warg pauses to sniff the ground.
The warg bites you.
* * * LOW HITPOINT WARNING * * *
The orc hits you but does no damage. The warg barely misses you.
The warg barely misses you.
There is a flagged portal here.
The warg bites you.
You die...

####+ #.# ###### ...
#.....#.####....#o...
#.....+....+....+....
#.....#........o.o...
#.......≈≈≈≈≈≈≈≈≈.#####
#.......≈≈≈≈≈≈≈≈≈.....#
#.....#.≈##)''##≈.....#
#.......≈#.))h)#≈.....#
#.......≈#>..o@#≈.....#
#.....#.≈#######≈..... #
#.....#.≈≈≈≈≈≈≈≈≈.#+###.#
##......................#
#.............#........#
#.....#.......#.........
#.....#.......#........©
#.....#.......#.........
#.....#######+#........#


You could see a warg and an orc.

Vanquished Creatures
  A water moccasin (D:7)
  2 black bears
  A sky beast (D:5)
  An ice beast (D:5)
  An ogre (D:5)
  A centaur (D:7)
  A phantom (D:4)
  2 kobold brigands
  3 bullfrogs
  10 scorpions (Ossuary)
  A howler monkey (D:6)
  2 centaur zombies (Ossuary)
  3 hounds
  2 orc priests (D:6)
  3 jellies
  A human zombie (Ossuary)
  6 iguanas
  Terence (D:2)
  4 orc wizards
  6 scorpion zombies (Ossuary)
  3 mummies (Ossuary)
  A gnoll (D:5)
  8 adders
  3 white imps
  An ufetubus (D:5)
  A dart slug (D:4)
  20 orcs
  8 ball pythons
  2 bats (D:1)
  4 endoplasms
  3 giant cockroaches (D:1)
  4 gnoll zombies (Ossuary)
  7 goblins
  10 hobgoblins
  13 jackals
  4 quokkas
  6 frilled lizards
  2 goblin zombies (Ossuary)
  A hobgoblin zombie (Ossuary)
  13 kobolds
  3 kobold zombies (Ossuary)
  4 orc zombies (Ossuary)
  5 rats
178 creatures vanquished.

Notes
Turn   | Place    | Note
-------+----------+-------------------------------------------
     0 | Abyss:1  | fragbeetle the Palentonga Abyssal Knight began the quest
                  | for the Orb.
     0 | Abyss:1  | Reached XP level 1. HP: 19/19 MP: 2/2
    12 | D:1      | Escaped the Abyss
    19 | D:1      | Noticed a black bear
    19 | D:1      | Noticed an anaconda
   117 | D:1      | Found a faded altar of an unknown god.
   129 | D:1      | Reached skill level 1 in Dodging
   279 | D:1      | Reached XP level 2. HP: 21/25 MP: 3/3
   877 | D:1      | You fall into a shaft and drop 1 floor!
  1283 | D:2      | Reached XP level 3. HP: 17/31 MP: 4/4
  1600 | D:2      | Noticed Terence
  1605 | D:2      | Killed Terence
  1605 | D:2      | Reached ** piety under Lugonu
  1606 | D:2      | Reached skill level 3 in Invocations
  1733 | D:2      | Reached XP level 4. HP: 36/37 MP: 6/6
  2234 | D:2      | Found a runed translucent door.
  2235 | D:2      | Noticed Crazy Yiuf
  2973 | D:3      | Found an ornate altar of the Wu Jian Council.
  3485 | D:4      | Reached skill level 4 in Invocations
  3485 | D:4      | Reached XP level 5. HP: 37/43 MP: 6/8
  3745 | D:4      | Noticed a phantom
  3761 | D:4      | Killed a phantom
  4039 | D:5      | Entered Level 5 of the Dungeon
  4069 | D:5      | Noticed an ogre
  4075 | D:5      | Killed an ogre
  4076 | D:5      | Reached skill level 5 in Invocations
  4076 | D:5      | Reached XP level 6. HP: 48/50 MP: 9/9
  4082 | D:5      | Noticed an ice beast
  4107 | D:5      | Killed an ice beast
  4108 | D:5      | Reached skill level 5 in Axes
  4369 | D:5      | Found a transporter.
  4782 | D:5      | Noticed a sky beast
  4794 | D:5      | Killed a sky beast
  4795 | D:5      | Reached skill level 6 in Invocations
  4795 | D:5      | Gained mutation: You curl defensively after being hit. (AC
                  | +7*) [Palentonga growth]
  4795 | D:5      | Reached XP level 7. HP: 38/55 MP: 11/11
  5151 | D:5      | Found a basalt altar of Yredelemnul.
  5381 | D:5      | Noticed spaghetti's ghost (novice OpCK)
  5382 | D:5      | Found a transporter.
  5653 | D:6      | Reached *** piety under Lugonu
  5769 | D:6      | Reached skill level 7 in Invocations
  5788 | D:6      | Reached skill level 8 in Invocations
  5788 | D:6      | Reached XP level 8. HP: 35/62 MP: 10/14
  5814 | D:6      | Found a sand-covered staircase.
  5824 | Ossuary  | Entered an ossuary
  6140 | Ossuary  | Reached skill level 9 in Invocations
  6659 | Ossuary  | Reached skill level 10 in Invocations
  7536 | D:6      | Reached XP level 9. HP: 58/67 MP: 16/16
  7557 | D:6      | Learned a level 5 spell: Irradiate
  7853 | D:6      | Reached skill level 5 in Armour
  7982 | D:6      | Reached **** piety under Lugonu
  9159 | D:7      | Found a staircase to the Ecumenical Temple.
  9168 | Temple   | Entered the Ecumenical Temple
  9711 | D:8      | Noticed a two-headed ogre
  9712 | D:8      | Banished a two-headed ogre
  9719 | D:8      | Found a transporter.
  9744 | D:8      | Found a flagged portal.
  9774 | D:8      | Slain by a warg

Illustrated notes

Levels and vault maps discovered:
D:1:      onia_arrival_zoo_common, layout_loops_ring,
          shapermc_ecumenical_altar_starsandcircs, minmay_quantized
D:2:      minmay_general_purpose_star, layout_basic, kennysheep_generic_room_15,
          uniq_crazy_yiuf_cottage, uniq_terence
D:3:      layout_basic, pdpol_wu_jian_five_deadly_venoms
D:4:      layout_loops_ring
D:5:      layout_gridville, mainiacjoe_overflow_surrounded_room,
          gammafunk_ghost_mausoleum
D:6:      layout_loops_ring, lightli_ossuary_entry_decrepit_ruins
D:7:      layout_loops_corners, minmay_temple_entry_junction
D:8:      layout_gridville, erik_lair_orcish_takeover, enter_bailey_4,
          gammafunk_ghost_stat_death
Temple:   minmay_crystal_spiral_temple

Skill      XL: |  1  2  3  4  5  6  7  8  9 |
---------------+----------------------------+-----
Dodging        | 1 |  1.1
Invocations    | 3 4 5 6 8 10 | 10.0
Axes           | 3 4 5 6 |  6.0
Armour         | 4 6 |  6.5
Transmutations | 4 |  4.5
Fighting       | |  3.1

Action                   |  1- 3 |  4- 6 |  7- 9 || total
-------------------------+-------+-------+-------++-------
Melee: Hand axe          |    73 |    39 |   217 ||   329
       Tailslap          |     9 |    13 |    89 ||   111
       Punch             |     2 |     2 |     7 ||    11
       Short sword       |    18 |   111 |   283 ||   412
 Fire: Hunting sling     |     2 |     4 |     2 ||     8
Invok: Banish            |       |       |     3 ||     3
 Abil: Rolling Charge    |    16 |    16 |    24 ||    56
Evoke: Wand              |       |     3 |     4 ||     7
  Use: Potion            |       |       |     5 ||     5
Armor: Leather armour    |    39 |     3 |       ||    42
       Scale mail        |       |    62 |   194 ||   256
Dodge: Dodged            |    47 |    80 |   301 ||   428

Table legend: (Time is in decaauts)
 A = Elapsed time spent in this place.
 B = Non-inter-level travel time spent in this place.
 C = Inter-level travel time spent in this place.
 D = Time resting spent in this place.
 E = Time spent auto-exploring this place.
 F = Levels seen in this place.
 G = Mean time per level.
                   A        B        C        D        E       F      G
               +--------+--------+--------+--------+--------+-----+--------+
         Total |   9827 |   9642 |    185 |    839 |   7087 |  11 |  893.4 |
       Dungeon |   8132 |   7947 |    185 |     95 |   6607 |   8 | 1016.5 |
        Temple |      1 |      1 |      0 |      0 |      0 |   1 |    1.0 |
         Abyss |     12 |     12 |      0 |      0 |      0 |   1 |   12.0 |
       Ossuary |   1680 |   1680 |      0 |    744 |    480 |   1 | 1680.0 |
               +--------+--------+--------+--------+--------+-----+--------+

Top non-repeatable levels by time:
 Ossuary: 1680 daAuts
     D:5: 1559 daAuts
     D:2: 1311 daAuts
     D:6: 1244 daAuts
     D:1: 1212 daAuts
     D:7: 1210 daAuts
     D:3: 839 daAuts
     D:4: 689 daAuts
     D:8: 66 daAuts
 Abyss:1: 12 daAuts
  Temple: 1 daAuts
